 Dungeon Crawl Stone Soup version 0.29-a0-284-gf9362112df (webtiles) character file.

Game seed: 14490642764413536587

262 kae the Chopper (level 5, -4/49 HPs)
             Began as a Deep Dwarf Fighter on Mar 15, 2022.
             Slain by a gnoll
             ... wielding a +0 halberd
              (12 damage)
             ... on level 4 of the Dungeon.
             The game lasted 00:02:28 (2159 turns).

kae the Chopper (Deep Dwarf Fighter)                Turns: 2159, Time: 00:02:29

Health: -4/49      AC:  8    Str: 22    XL:     5   Next: 97%
Magic:  4/4        EV:  9    Int:  8    God:
Gold:   79         SH:  5    Dex: 12    Spells: 4/4 levels left

rFire   . . .      SeeInvis .   a - +0 war axe
rCold   . . .      Faith    .   c - +0 buckler
rNeg    . . .      Spirit   .   b - +0 scale mail
rPois   .          Reflect  .   (no helmet)
rElec   .          Harm     .   (no cloak)
rCorr   +          Rampage  .   k - +0 pair of gloves
Will    .....                   (no boots)
Stlth   ..........              (no amulet)
HPRegen 0.00/turn               j - ring of resist corrosion
MPRegen 0.09/turn               (no ring)

@: no status effects
A: damage resistance, heal wounds, sense surroundings 1, no regeneration
a: Heal Wounds


You were on level 4 of the Dungeon.
You visited 1 branch of the dungeon, and saw 4 of its levels.

You collected 193 gold pieces.
You spent 114 gold pieces at shops.

Inventory:

Hand Weapons
 a - a +0 war axe (weapon)
Armour
 b - a +0 scale mail (worn)
 c - a +0 buckler (worn)
 k - a +0 pair of gloves (worn)
Jewellery
 j - a ring of resist corrosion (left hand)
 m - a ring of wizardry
 p - a ring of positive energy
Scrolls
 g - a scroll of fog
 i - 3 scrolls of identify
 l - a scroll of vulnerability {unknown}
 n - 2 scrolls of blinking
 o - a scroll of magic mapping {unknown}
 q - 2 scrolls of amnesia {unknown}
Potions
 d - a potion of might
 e - 3 potions of resistance
 f - a potion of attraction
 h - a potion of curing


   Skills:
 + Level 3.6 Fighting
 * Level 4.6 Axes
 + Level 4.4 Armour
 + Level 4.3 Shields


You had 4 spell levels left.
You didn't know any spells.
Your spell library was empty.

Dungeon Overview and Level Annotations

Branches:
Dungeon (4/15)
 Temple: D:4-7

Altars:

Shops:
D:2 :?=(   D:3 (


Innate Abilities, Weirdness & Mutations

You are resistant to damage.
You can heal yourself by infusing magical energy.
You passively map a small area around you.
You do not regenerate.


Message History

* * * LOW HITPOINT WARNING * * *
You closely miss the gnoll. The gnoll barely misses you.
The gnoll hits you but does no damage.
You hit the gnoll.
The gnoll is lightly wounded.
The gnoll hits you with a +0 whip.
You barely miss the gnoll.
The gnoll is lightly wounded.
The gnoll barely misses you.
You hit the gnoll.
The gnoll is heavily wounded.
The gnoll barely misses you. The gnoll closely misses you.
You slash the gnoll!
You kill the gnoll!
You hit the gnoll.
The gnoll is lightly wounded.
The gnoll closely misses you.
You closely miss the gnoll.
The gnoll is lightly wounded.
You block the gnoll's attack. The gnoll hits you but does no damage.
You hit the gnoll but do no damage.
The gnoll is lightly wounded.
The gnoll barely misses you.
You slash the gnoll!
The gnoll is severely wounded.
The gnoll barely misses you.
You barely miss the gnoll.
The gnoll is severely wounded.
The gnoll hits you but does no damage. The gnoll closely misses you.
You barely miss the gnoll.
The gnoll is severely wounded.
The gnoll hits you with a +0 flail!
* * * LOW HITPOINT WARNING * * *
You slash the gnoll!
You kill the gnoll!
A gnoll comes into view. It is wielding a +0 halberd.
You swing at nothing.
The gnoll shouts!
The gnoll hits you from afar with a +0 halberd!
You die...

#........# ... ,* ,
#...#.##.# ##.##* , ,
#.....##.# #...####
#.......># #.#....#
##........###...##.#
#.......#.#......#.###..
#<)..#..)..........
*,*##........#...##..
#.#.#@####..^# , * ,,
..[..#)##.....# * * ,
.....###.g.....##
≈≈......# #.##g#..#*
≈.....## #.........., ,*
≈...#. ###...##### * ,
#...#. #g... , , * , *
#...## * * , g.... ,


You could see a gnoll.

Vanquished Creatures
  A steam dragon (D:3)
  2 gnolls (D:4)
  4 adders
  2 worms
  5 dart slugs
  An orc (D:4)
  7 bats
  8 endoplasms
  8 giant cockroaches
  8 goblins
  4 hobgoblins
  A jackal (D:3)
  5 kobolds
  4 quokkas
  3 ball pythons
  2 frilled lizards
  4 rats
69 creatures vanquished.

Notes
Turn   | Place    | Note
-------+----------+-------------------------------------------
     0 | D:1      | kae the Deep Dwarf Fighter began the quest for the Orb.
     0 | D:1      | Reached XP level 1. HP: 20/20 MP: 1/1
   100 | D:1      | Found a faded altar of an unknown god.
   112 | D:1      | Reached XP level 2. HP: 25/27 MP: 2/2
   330 | D:1      | Reached XP level 3. HP: 21/33 MP: 3/3
  1082 | D:2      | Found Nohext's Book Shop.
  1197 | D:2      | Reached XP level 4. HP: 23/42 MP: 4/4
  1243 | D:2      | Found Jasir's Jewellery Shoppe.
  1243 | D:2      | Found Juma's Antique Weapon Boutique.
  1336 | D:2      | Found Hoenato's Magic Scroll Shop.
  1347 | D:2      | Bought a scroll of identify for 24 gold pieces
  1347 | D:2      | Bought a scroll of blinking for 90 gold pieces
  1503 | D:3      | Found Elin Wedo's Weapon Emporium.
  1955 | D:3      | Noticed a steam dragon
  1959 | D:3      | Killed a steam dragon
  1960 | D:3      | Reached XP level 5. HP: 25/49 MP: 4/4
  2159 | D:4      | Slain by a gnoll

Illustrated notes

Levels and vault maps discovered:
D:1:      dpeg_arrival_arbitrary_a, layout_basic,
          shapermc_ecumenical_altar_totnotflames, minmay_nonomino_d4
D:2:      layout_rooms, serial_shops, shop, nicolae_shop_stone,
          nicolae_shop_waterfront, nicolae_shop_temple_entry_statues_fountains
D:3:      layout_basic, serial_shops, nicolae_shop_bloodbath_and_beyond,
          minmay_joined_circles
D:4:      layout_loops_cross, serial_shops, nicolae_shop_waterfront

Skill      XL: |  1  2  3  4 |
---------------+-------------+-----
Axes           | 3 4 |  4.6
Fighting       | 3 |  3.6
Armour         | 4 |  4.4
Shields        | 4 |  4.3

Action                   |  1- 3 |  4- 6 || total
-------------------------+-------+-------++-------
Melee: War axe           |    67 |   105 ||   172
 Abil: Heal Wounds       |       |     1 ||     1
  Use: Scroll            |       |     6 ||     6
Armor: Scale mail        |    36 |    39 ||    75
Dodge: Dodged            |    48 |    49 ||    97
Block: Buckler           |    17 |    19 ||    36

Table legend: (Time is in decaauts)
 A = Elapsed time spent in this place.
 B = Non-inter-level travel time spent in this place.
 C = Inter-level travel time spent in this place.
 D = Time resting spent in this place.
 E = Time spent auto-exploring this place.
 F = Levels seen in this place.
 G = Mean time per level.
                   A        B        C        D        E       F      G
               +--------+--------+--------+--------+--------+-----+--------+
         Total |   2223 |   2106 |    117 |    236 |   1377 |   4 |  555.8 |
       Dungeon |   2223 |   2106 |    117 |    236 |   1377 |   4 |  555.8 |
               +--------+--------+--------+--------+--------+-----+--------+

Top non-repeatable levels by time:
     D:1: 1076 daAuts
     D:3: 644 daAuts
     D:2: 454 daAuts
     D:4: 47 daAuts
